 Dungeon Crawl Stone Soup version 0.29.0-13-gc9e81de378 (webtiles) character file.

Game seed: 15595216592836299556

7013 SensoryNuts the Severer (level 11, -4/156 HPs)
             Began as a Hill Orc Fighter on Sept 8, 2022.
             Slain by an orc knight
             ... wielding a +0 trident
              (17 damage)
             ... on level 10 of the Dungeon.
             The game lasted 00:11:35 (11363 turns).

SensoryNuts the Severer (Hill Orc Fighter)         Turns: 11363, Time: 00:11:36

Health: -4/156     AC: 25    Str: 26    XL:     11   Next: 8%
Magic:  11/11      EV:  2    Int: 12    God:
Gold:   532        SH:  8    Dex:  9    Spells: 10/10 levels left

rFire   + . .      SeeInvis .   a - +2 war axe (drain)
rCold   + . .      Faith    .   n - +3 buckler "Araqizoi" {rF+ rC+ Str+3}
rNeg    . . .      Spirit   .   (body armour currently unavailable)
rPois   +          Reflect  .   (helmet currently unavailable)
rElec   .          Harm     .   (cloak currently unavailable)
rCorr   +          Rampage  .   (gloves currently unavailable)
Will    .....      NoTele   +   (boots currently unavailable)
Stlth   +.........              (no amulet)
HPRegen 0.36/turn               m - ring of resist corrosion
MPRegen 0.12/turn               (no ring)

@: tree-form
A: stationary, stasis, torment immunity, boosted hp, clever 1, (cold resistance
1), robust 1
a: no special abilities


You were on level 10 of the Dungeon.
You were a tree.
You visited 1 branch of the dungeon, and saw 10 of its levels.
You also visited: Ossuary and Bailey.

You collected 532 gold pieces.

Inventory:

Hand Weapons
 a - a +2 war axe of draining (weapon)
Missiles
 f - a throwing net
Armour
 l - a +1 plate armour (melded)
 n - the +3 buckler "Araqizoi" (worn) {rF+ rC+ Str+3}
   (You found it on level 5 of the Dungeon)

   Str:       It affects your strength (+3).
   rF:        It protects you from fire.
   rC:        It protects you from cold.
Jewellery
 m - a ring of resist corrosion (left branch)
Wands
 b - a wand of paralysis (8)
 d - a wand of mindburst (9)
 i - a wand of iceblast (15) (quivered)
Scrolls
 u - 4 scrolls of magic mapping
 x - a scroll of butterflies
Potions
 c - a potion of flight
 g - 3 potions of curing
 h - a potion of resistance
 j - a potion of brilliance
 k - a potion of cancellation
 o - 2 potions of degeneration
 s - 2 potions of attraction
 t - a potion of mutation
 w - a potion of magic


   Skills:
 + Level 8.6 Fighting
 * Level 15.8 Axes
 + Level 8.6 Armour
 + Level 1.3 Dodging
 + Level 0.6 Stealth
 + Level 6.6 Shields
 + Level 1.2 Evocations


You had 10 spell levels left.
You didn't know any spells.
Your spell library contained the following spells:

 Spells                   Type           Power      Damage    Failure   Level
 Sting                    Tmut/Pois      0%         1d3       38%         1
 Poisonous Vapours        Pois/Air       0%         N/A       54%         2
 Inner Flame              Hex/Fire       0%         N/A       77%         3
 Animate Dead             Necr           0%         N/A       99%         4
 Cause Fear               Hex            0%         N/A       99%         4
 Olgreb's Toxic Radiance  Pois           0%         N/A       99%         4
 Petrify                  Tmut/Erth      0%         N/A       99%         4
 Metabolic Englaciation   Hex/Ice        0%         N/A       100%        5
 Statue Form              Tmut/Erth      0%         N/A       100%        6
 Haunt                    Necr/Summ      0%         N/A       100%        7
 Discord                  Hex            0%         N/A       100%        8
 Infestation              Necr           0%         N/A       100%        8


Dungeon Overview and Level Annotations

Branches:
Dungeon (10/15)            Temple (0/1) D:4         Ossuary (visited)
 Bailey (visited)
   Lair: D:8-11         Orc: D:9-12

Altars:
Cheibriados
Elyvilon
Hepliaklqana
Kikubaaqudgha
Makhleb
Okawaru
Ru
Trog
Uskayaw
Vehumet
Yredelemnul
The Shining One

Shops:
D:3 :


Innate Abilities, Weirdness & Mutations

You are a tree.
Your roots penetrate the ground, keeping you stationary.
You cannot be teleported.
You are immune to unholy pain and torment.
Your maximum health is greatly increased.
Your equipment is partially melded.
Your mind is acute. (Int +4, Str/Dex -1)
((Your flesh is cold resistant. (rC+)))
You are robust. (+10% HP)


Message History

Your roots penetrate the ground.
You block the orc knight's attack.
You are confused.
You feel invigorated.
The orc knight hits you with a +0 trident.
* * * LOW HITPOINT WARNING * * *
A yak comes into view.
You slash the orc knight! You drain the orc knight.
The orc knight hits you but does no damage.
You nearly hit yourself!
The orc knight hits you with a +0 trident!
* * * LOW HITPOINT WARNING * * *
Unknown command.
Unknown command.
You hit the orc knight but do no damage.
The orc knight hits you with a +0 trident!
* * * LOW HITPOINT WARNING * * *
You nearly hit yourself!
The orc knight hits you with a +0 trident.
* * * LOW HITPOINT WARNING * * *
You hit the orc knight but do no damage.
You drain the orc knight.
The orc knight hits you with a +0 trident!
* * * LOW HITPOINT WARNING * * *
You barely miss the orc knight.
Unknown command.
You feel better.
You feel less invigorated. You block the orc knight's attack.
Unknown command.
You hit the yak but do no damage.
You hit the orc knight but do no damage.
You drain the orc knight.
The orc knight hits you with a +0 trident!
* * * LOW HITPOINT WARNING * * *
The yak gores you!
* * * LOW HITPOINT WARNING * * *
Okay, then.
You barely miss the yak.
You hit the orc knight but do no damage.
You drain the orc knight.
The orc knight hits you with a +0 trident!
You die...

,,,,,,,,,,,,,,,,,,,,<,,,,* *
,,,,,,,,,,,,####.....,,,,********
*,**+*#######..#....,,,,,,,,,,,,,
*,*,,..........+...#********+*,,,
*,*,...........#...+,,,,,,,,,*,,,
*,*,..........[#...#,,,,,,,,,+,,,
*,*,...............#,,,.,,,,,*,,,
#.*,,...........Yo.+....,,,,,*,,,
..#####........)♣)......,,,,,*,,,
......#.........)..#....,,,,,*,,,
......#............#*,*#****,*,,,
+#....#####'####....#,*,,,,+,*,,,
,#..................#,*,,,,*,*,,,
,#......(...........#,*,,,,*,*,,,
,#......######../...#,*,,,,*,*,,,
,#......# *......#,******,*,,,
,#......# *,....,*,,,,,,,,*,,,


You could see an orc knight (strong, very drained) and a yak.

Vanquished Creatures
  The ghost of Thoth777 the Thaumaturge, a novice FoFi of Gozag (D:8)
  A hornet (D:8)
  A vampire (D:9)
  6 yaks (D:8)
  A steam dragon (D:8)
  2 water moccasins
  8 orc warriors
  A sky beast (D:8)
  2 black bears
  An ogre (D:5)
  6 centaurs
  12 kobold brigands (D:8)
  A phantom (D:5)
  6 bullfrogs
  2 gnoll sergeants (D:9)
  A necrophage (D:7)
  2 scorpions
  10 wights (D:8)
  5 killer bees
  An electric eel (D:9)
  3 hounds
  3 jellies
  A human zombie (Ossuary)
  3 orc priests
  2 gnoll boudas (D:9)
  Jessica (D:3)
  3 iguanas (D:5)
  Ijyb (D:3)
  3 orc wizards
  3 mummies (Ossuary)
  8 adders
  11 gnolls (D:9)
  2 shadow imps
  An ufetubus (D:6)
  5 adder zombies (Ossuary)
  A worm (D:2)
  4 dart slugs
  30 orcs
  5 ball pythons
  4 bats
  6 endoplasms
  6 goblins
  3 hobgoblins
  6 jackals
  7 quokkas
  A frilled lizard (D:2)
  A goblin zombie (Ossuary)
  2 hobgoblin zombies (Ossuary)
  7 kobolds
  2 kobold zombies (Ossuary)
  2 quokka zombies (Ossuary)
  7 rats
  5 rat zombies (Ossuary)
219 creatures vanquished.

Vanquished Creatures (others)
  2 fungi (D:8)
  2 plants (D:8)
4 creatures vanquished.

Grand Total: 223 creatures vanquished

Notes
Turn   | Place    | Note
-------+----------+-------------------------------------------
     0 | D:1      | SensoryNuts the Hill Orc Fighter began the quest for the
                  | Orb.
     0 | D:1      | Reached XP level 1. HP: 19/19 MP: 1/1
   184 | D:1      | Reached skill level 3 in Axes
   184 | D:1      | Reached XP level 2. HP: 27/27 MP: 2/2
   503 | D:1      | Reached XP level 3. HP: 29/33 MP: 3/3
  1103 | D:2      | Reached skill level 4 in Axes
  1103 | D:2      | Reached XP level 4. HP: 21/40 MP: 4/4
  1750 | D:3      | Found Yfupory's Book Shoppe.
  1755 | D:3      | Noticed Ijyb
  1765 | D:3      | Killed Ijyb
  1766 | D:3      | Reached XP level 5. HP: 36/46 MP: 5/5
  1815 | D:3      | Reached skill level 5 in Axes
  1986 | D:3      | Noticed Jessica
  1990 | D:3      | Killed Jessica
  2073 | D:3      | Reached skill level 6 in Axes
  2342 | D:3      | Found an iron altar of Okawaru.
  2384 | D:3      | Found a faded altar of an unknown god.
  2485 | D:4      | Reached XP level 6. HP: 51/52 MP: 6/6
  2561 | D:4      | Found a staircase to the Ecumenical Temple.
  3427 | D:5      | Entered Level 5 of the Dungeon
  3559 | D:5      | Reached skill level 7 in Axes
  3613 | D:5      | Reached XP level 7. HP: 17/60 MP: 7/7
  3679 | D:5      | Found a sand-covered staircase.
  3684 | Ossuary  | Entered an ossuary
  3705 | Ossuary  | Reached skill level 8 in Axes
  4647 | D:5      | Reached skill level 9 in Axes
  4668 | D:5      | Reached XP level 8. HP: 53/67 MP: 8/8
  4775 | D:5      | Identified the +3 buckler "Araqizoi" {rF+ rC+ Str+3}
  4823 | D:5      | Found a snail-covered altar of Cheibriados.
  4823 | D:5      | Found a radiant altar of Vehumet.
  4828 | D:5      | Found a burning altar of Makhleb.
  4830 | D:5      | Found a basalt altar of Yredelemnul.
  4831 | D:5      | Found a white marble altar of Elyvilon.
  4833 | D:5      | Found a bloodstained altar of Trog.
  4838 | D:5      | Found a hide-covered altar of Uskayaw.
  5310 | D:6      | Reached skill level 5 in Fighting
  5390 | D:6      | Reached skill level 10 in Axes
  5420 | D:6      | Reached skill level 1 in Dodging
  5544 | D:6      | Reached skill level 5 in Armour
  6096 | D:6      | Reached skill level 11 in Axes
  6914 | D:7      | Found a sacrificial altar of Ru.
  6966 | D:7      | Reached XP level 9. HP: 21/74 MP: 9/9
  7238 | D:7      | Found an ancient bone altar of Kikubaaqudgha.
  7459 | D:7      | Reached skill level 12 in Axes
  7606 | D:7      | Found a hazy altar of Hepliaklqana.
  7817 | D:8      | Gained mutation: You are robust. (+10% HP) [potion of
                  | mutation]
  7817 | D:8      | Gained mutation: Your mind is acute. (Int +4, Str/Dex -1)
                  | [potion of mutation]
  7817 | D:8      | Gained mutation: Your flesh is cold resistant. (rC+)
                  | [potion of mutation]
  8256 | D:8      | Found a glowing golden altar of the Shining One.
  8281 | D:8      | Reached skill level 5 in Shields
  8285 | D:8      | Reached skill level 13 in Axes
  8508 | D:8      | Found a runed translucent gate.
  8508 | D:8      | Found a runed translucent gate.
  8508 | D:8      | Found a runed translucent gate.
  8513 | D:8      | Noticed Thoth777's ghost (novice FoFi)
  8717 | D:8      | Reached XP level 10. HP: 68/92 MP: 10/10
  8721 | D:8      | Reached skill level 14 in Axes
  8968 | D:8      | Killed Thoth777's ghost
  9525 | D:9      | Paralysed by a hornet for 1 turns
 10060 | D:9      | Reached skill level 15 in Axes
 10388 | D:9      | Reached skill level 1 in Evocations
 10411 | D:9      | You fall into a shaft and drop 1 floor!
 10411 | D:10     | Entered Level 10 of the Dungeon
 10435 | D:10     | Found a flagged portal.
 10444 | Bailey   | Entered a bailey
 10544 | Bailey   | Reached XP level 11. HP: 39/104 MP: 11/11
 11347 | Bailey   | Noticed an orc knight
 11347 | Bailey   | Noticed an orc knight
 11347 | Bailey   | Noticed an orc knight
 11363 | D:10     | Slain by an orc knight

Illustrated notes

Levels and vault maps discovered:
D:1:      amcnicky_arrival_feature_with_door, layout_loops_ring
D:2:      layout_rooms, lemuel_flame_loot_1
D:3:      layout_rooms, kennysheep_okawaru_gauntlet,
          shapermc_ecumenical_altar_mp_ritualfount, serial_shops, shop,
          columned_hall_lemuel, feat_on_display, uniq_ijyb, uniq_jessica
D:4:      layout_layer_cave, minmay_temple_entry_purple_smoke
D:5:      layout_basic, nicolae_overflow_hallway_of_the_gods, enter_ossuary_2
D:6:      layout_loops_corners
D:7:      layout_rooms, mainiacjoe_overflow_chevrons,
          mainiacjoe_overflow_catch_the_wave
D:8:      layout_loops_cross, tso_metal_star, gammafunk_ghost_nasty_kobolds
D:9:      layout_big_octagon, serial_gnoll_camp, gnoll_camp_medium_02,
          gnoll_camp_mini_doghouse, gnoll_camp_huts_basic, gnoll_camp_mini_shop
D:10:     layout_irregular_city, enter_bailey_2

Skill      XL: |  1  2  3  4  5  6  7  8  9 10 |
---------------+-------------------------------+-----
Axes           | 3 4 6 7 9 11 13 15 | 15.8
Fighting       | 4 5 6 8 |  8.6
Armour         | 4 5 7 8 |  8.6
Shields        | 4 5 6 |  6.6
Dodging        | 1 |  1.3
Evocations     | 1 |  1.2
Stealth        | |  0.6

Action                   |  1- 3 |  4- 6 |  7- 9 | 10-12 || total
-------------------------+-------+-------+-------+-------++-------
Melee: War axe           |    90 |   102 |   241 |   196 ||   629
Evoke: Wand              |       |       |       |     6 ||     6
  Use: Scroll            |     6 |     5 |    10 |     3 ||    24
       Potion            |       |       |     8 |     9 ||    17
Armor: Scale mail        |    38 |    35 |    58 |       ||   131
       Plate armour      |       |       |    56 |    81 ||   137
       Skin              |       |       |       |     1 ||     1
Dodge: Dodged            |    52 |    45 |    88 |    57 ||   242
Block: Buckler           |    23 |    20 |    88 |    81 ||   212
